cohdb
Replays
Latest Replays
All Replays
Popular Replays
Top Player Replays
Match Explorer
How It Works
Community
CoH3 Stats
Reddit
Sign in to upload your games and track your stats! →
Sign in with Steam
Match 37853043
Unlisted
Match 37853043
Overview
Messages
Build Orders
End
Construct Section Command Post
Vickers Machine Gun Team
Infantry Section
Selects Indian Artillery Battlegroup
Infantry Section
Selects Towed ML 4.2-inch Heavy Mortar
Towed ML 4.2-inch Heavy Mortar
Grenade Package
Construct Platoon Command Post
Selects Valour
Construct Company Command Post
Infantry Section
Selects Gurkha Rifles Section
Matilda II Heavy Tank
6-pounder Anti-tank Gun Team
Royal Engineer Section
Selects Volunteer Infantry
Crusader II Medium Tank
Selects Off-map Airburst Barrage
Matilda II Heavy Tank
Off-map Airburst Barrage
Selects BL5.5 Artillery Emplacement
Armored Vehicle Training
Matilda II Heavy Tank
Off-map Airburst Barrage
Vickers Machine Gun Team
Royal Engineer Section
Crusader II Medium Tank
Off-map Airburst Barrage
qZeto
BIOHAZARD
Sauzer88
SpuD_FR
BorzoiWitcher
jonnyvibes
0
0
Comments
sign in to comment!
No comments posted yet!